 Dungeon Crawl Stone Soup version 0.29.1-2-gbd0b4ee654 (webtiles) character file.

Game seed: 1978081977266423625

4569 Sabo the Cleaver (level 10, -7/79 HPs)
             Began as a Demonspawn Berserker on Nov 22, 2022.
             Was an Elder of Trog.
             Mangled by a two-headed ogre
             ... wielding a +0 glaive
              (16 damage)
             ... in a bailey.
             The game lasted 00:37:12 (8685 turns).

Sabo the Cleaver (Demonspawn Berserker)             Turns: 8685, Time: 00:37:12

Health: -7/79      AC: 18    Str: 21    XL:     10   Next: 18%
Magic:  10/10      EV:  9    Int: 10    God:    Trog [****..]
Gold:   483        SH:  5    Dex: 12    Spells: 9/9 levels left

rFire   . . .      SeeInvis .   u - +3 war axe
rCold   . . .      Faith    .   (no shield)
rNeg    . . .      Spirit   .   r - +0 chain mail
rPois   .          Reflect  +   t - +0 helmet
rElec   .          Harm     .   A - +1 cloak
rCorr   .          Rampage  .   a - +2 pair of gloves
Will    ++...                   (no boots)
Stlth   ..........              b - amulet of reflection
HPRegen 1.23/turn               (no ring)
MPRegen 0.12/turn               (no ring)

@: strong-willed, regenerating
A: rugged brown scales 1, spiny 1, demonic magic 2, weakness stinger 2
a: Renounce Religion, Berserk, Trog's Hand, Brothers in Arms


You were in a bailey.
You worshipped Trog.
Trog was greatly pleased with you.
You visited 1 branch of the dungeon, and saw 7 of its levels.
You also visited: Bailey.

You collected 511 gold pieces.
You spent 28 gold pieces at shops.

Inventory:

Hand Weapons
 d - a +1 mace of protection
 u - a +3 war axe (weapon)
 B - a +0 shortbow
Missiles
 k - 6 poisoned darts (quivered)
 w - 3 throwing nets
Armour
 a - a +2 pair of gloves (worn)
 r - a +0 chain mail (worn)
 t - a +0 helmet (worn)
 A - a +1 cloak (worn)
Jewellery
 b - an amulet of reflection (around neck)
 y - an amulet of the acrobat
 z - an amulet of guardian spirit
 F - a ring of fire
Scrolls
 c - 2 scrolls of poison
 i - a scroll of noise {unknown}
 j - 2 scrolls of fog
 l - 4 scrolls of teleportation
 q - a scroll of amnesia {unknown}
 v - a scroll of blinking {unknown}
 x - a scroll of fear
 C - a scroll of summoning {unknown}
Potions
 e - 3 potions of curing
 f - 2 potions of haste
 g - 5 potions of might
 m - 2 potions of degeneration {unknown}
 n - a potion of attraction {unknown}
 o - 2 potions of lignification {unknown}
 p - a potion of berserk rage {unknown}
 s - a potion of ambrosia {unknown}
 D - a potion of flight {unknown}


   Skills:
 + Level 6.6 Fighting
 + Level 10.0 Axes
 + Level 6.8 Armour
 + Level 3.2 Dodging
 + Level 1.4 Stealth
 + Level 3.3 Shields


You had 9 spell levels left.
You didn't know any spells.
Your spell library was empty.

Dungeon Overview and Level Annotations

Branches:
Dungeon (7/15)             Temple (0/1) D:6          Bailey (1/1)

Altars:
Gozag
Ru
Trog
Uskayaw
Wu Jian
Yredelemnul

Shops:
D:2 ?


Innate Abilities, Weirdness & Mutations

You are partially covered in rugged brown scales. (AC +1, +3% HP)
You are partially covered in sharp spines.
Spells you cast may paralyse nearby enemies.
You have a tail ending in a sharp stinger.


Message History

You miss the spriggan. You tail-slap the spriggan!
The spriggan is heavily wounded.
The spriggan is struck by your spines.
The spriggan hits you but does no damage.
You barely miss the spriggan. Your punch misses the spriggan.
The spriggan is heavily wounded.
The two-headed ogre closely misses you. x2
The spriggan is struck by your spines. The spriggan hits you with a +0 spear.
Your skin crawls.
You feel strong-willed. You block the spriggan's attack.
The two-headed ogre hits you from afar with a +0 glaive!
* * * LOW HITPOINT WARNING * * *
The two-headed ogre barely misses you.
You slash the spriggan!
You kill the spriggan!
Trog accepts your kill.
Your Axes skill increases to level 10!
The spriggan shouts!
The two-headed ogre closely misses you.
The two-headed ogre hits you but does no damage.
Things that are here:
a +0 spear; a spriggan corpse You feel better.
You recover from your berserk rage.
The two-headed ogre hits you with a +0 glaive!
* * * LOW HITPOINT WARNING * * *
The two-headed ogre closely misses you.
You barely miss the two-headed ogre.
You hit the two-headed ogre but do no damage.
The spriggan barely misses you.
The two-headed ogre is struck by your spines.
The two-headed ogre hits you with a +0 glaive!
* * * LOW HITPOINT WARNING * * *
You block the two-headed ogre's attack.
You slice the two-headed ogre!! You tail-slap the two-headed ogre.
The two-headed ogre is heavily wounded.
The spriggan hits you but does no damage.
The two-headed ogre hits you with a +0 glaive!
You die...

.#
##..##
##..##
♣#).#
#..#
#..#
#..#
#..#
#..#
#@.#
#O.##
#i.##
...#
...#
....#
####


You could see a two-headed ogre and a spriggan.

Vanquished Creatures
  Pikel (D:6)
  The ghost of zeram the Covert, a novice OpBr (D:6)
  Prince Ribbit (D:6)
  A spriggan (Bailey)
  A steam dragon (D:6)
  3 water moccasins (D:5)
  4 black bears
  A sky beast (D:6)
  4 ice beasts (D:6)
  5 ogres
  3 centaurs (D:5)
  A lemure (D:6)
  2 phantoms
  A necrophage (D:5)
  3 scorpions
  A gnoll sergeant (D:5)
  A water moccasin simulacrum (D:6)
  4 jellies
  3 orc priests (D:4)
  A gnoll bouda (D:6)
  6 hounds
  6 iguanas
  Terence (D:2)
  2 orc wizards (D:4)
  2 bullfrog simulacra (D:6)
  Robin (D:3)
  9 gnolls
  8 adders
  4 white imps (D:6)
  An ufetubus (D:5)
  3 worms
  5 dart slugs
  19 orcs
  7 endoplasms
  3 giant cockroaches
  7 hobgoblins
  10 jackals
  2 quokkas
  9 ball pythons
  4 bats
  2 frilled lizards
  18 goblins
  5 kobolds
  11 rats
  A spectral orc (D:3)
188 creatures vanquished.

Notes
Turn   | Place    | Note
-------+----------+-------------------------------------------
     0 | D:1      | Sabo the Demonspawn Berserker began the quest for the Orb.
     0 | D:1      | Reached XP level 1. HP: 18/18 MP: 1/1
   453 | D:1      | Gained mutation: You are partially covered in sharp spines.
                  | [demonic ancestry]
   453 | D:1      | Reached XP level 2. HP: 16/24 MP: 2/2
  1075 | D:2      | Reached skill level 3 in Axes
  1305 | D:2      | Reached XP level 3. HP: 29/29 MP: 3/3
  1684 | D:2      | Found Byuts's Magic Scroll Emporium.
  1706 | D:2      | Bought a scroll of identify for 28 gold pieces
  1733 | D:2      | Noticed Terence
  1741 | D:2      | Killed Terence
  1845 | D:2      | Reached XP level 4. HP: 33/35 MP: 4/4
  2281 | D:3      | Reached ** piety under Trog
  2302 | D:3      | Noticed Robin
  2326 | D:3      | Killed Robin
  2693 | D:3      | Found a basalt altar of Yredelemnul.
  2782 | D:3      | Gained mutation: Spells you cast may paralyse adjacent
                  | enemies. [demonic ancestry]
  2782 | D:3      | Reached XP level 5. HP: 41/41 MP: 5/5
  3261 | D:4      | Reached skill level 4 in Axes
  3449 | D:4      | Found an opulent altar of Gozag.
  3533 | D:4      | HP: 2/63 [orc priest/divine providence (12)]
  3967 | D:4      | Reached *** piety under Trog
  3995 | D:4      | Noticed a black bear
  4002 | D:4      | Killed a black bear
  4003 | D:4      | Gained mutation: You are partially covered in rugged brown
                  | scales. (AC +1, +3% HP) [demonic ancestry]
  4003 | D:4      | Reached XP level 6. HP: 38/49 MP: 6/6
  4086 | D:4      | Found a sacrificial altar of Ru.
  4361 | D:4      | Reached skill level 5 in Axes
  4518 | D:4      | Found an ornate altar of the Wu Jian Council.
  4685 | D:5      | Entered Level 5 of the Dungeon
  4748 | D:5      | Gained mutation: Spells you cast may paralyse nearby
                  | enemies. [demonic ancestry]
  4748 | D:5      | Reached XP level 7. HP: 50/56 MP: 7/7
  4749 | D:5      | Reached skill level 1 in Shields
  5019 | D:5      | Reached skill level 6 in Axes
  5019 | D:5      | Reached skill level 1 in Stealth
  5261 | D:5      | Reached skill level 5 in Fighting
  5261 | D:5      | Reached XP level 8. HP: 63/63 MP: 8/8
  5355 | D:5      | Found a hide-covered altar of Uskayaw.
  5371 | D:5      | Reached skill level 7 in Axes
  5775 | D:5      | Reached skill level 5 in Armour
  6181 | D:5      | Reached skill level 8 in Axes
  6496 | D:6      | Gained mutation: You have a small tail. [demonic ancestry]
  6496 | D:6      | Reached XP level 9. HP: 70/70 MP: 9/9
  6499 | D:6      | Found a staircase to the Ecumenical Temple.
  6817 | D:6      | Reached **** piety under Trog
  7149 | D:6      | Noticed zeram's ghost (novice OpBr)
  7157 | D:6      | Found a runed translucent gate.
  7157 | D:6      | Found a runed translucent gate.
  7157 | D:6      | Found a runed translucent gate.
  7158 | D:6      | Noticed Prince Ribbit
  7171 | D:6      | Killed Prince Ribbit
  7878 | D:6      | Noticed Pikel
  7894 | D:6      | Killed Pikel
  7895 | D:6      | Reached skill level 9 in Axes
  7972 | D:6      | Noticed a moth of wrath
  7976 | D:6      | Found a bloodstained altar of Trog.
  8230 | D:6      | Killed zeram's ghost
  8239 | D:6      | Gained mutation: You have a tail ending in a sharp stinger.
                  | [demonic ancestry]
  8239 | D:6      | Reached XP level 10. HP: 73/79 MP: 10/10
  8586 | D:7      | Found a flagged portal.
  8604 | Bailey   | Entered a bailey
  8674 | Bailey   | Noticed a two-headed ogre
  8681 | Bailey   | Reached skill level 10 in Axes
  8685 | Bailey   | Mangled by a two-headed ogre

Illustrated notes

Levels and vault maps discovered:
D:1:      saegor_arrival_simple_c, layout_basic
D:2:      layout_loops_ring, serial_shops, nicolae_shop_advertising_works
          [nicolae_subvault_shop_adworks], minmay_bisected, uniq_terence
D:3:      layout_basic, yredelemnul_forgotten_temple_becter, uniq_robin
D:4:      layout_loops_ring, overflow_temple_1_default,
          nicolae_ru_great_annihilating_truth, nicolae_overflow_hidden_temple,
          minmay_misc_feat_four_crosses
D:5:      minmay_octagon_keep, layout_loops_corners, lemuel_doored_altar,
          chequers_serial_rivers_marsh
D:6:      layout_basic, tgw_trog, minmay_temple_entry_statues_pillars,
          gammafunk_ghost_icy, serial_rivers, chequers_serial_rivers_micro_b,
          chequers_serial_rivers_large_b, chequers_serial_rivers_room_a,
          chequers_serial_rivers_room_a, chequers_serial_rivers_micro_b,
          uniq_prince_ribbit1, uniq_pikel
D:7:      layout_loops_corners, enter_bailey_5
Bailey:   bailey_polearm_enchanted_keep_hellmonk, bailey

Skill      XL: |  1  2  3  4  5  6  7  8  9 10 |
---------------+-------------------------------+-----
Axes           | 3 4 5 6 8 9 10 | 10.0
Armour         | 2 3 4 5 6 |  6.8
Dodging        | 2 3 |  3.2
Fighting       | 4 5 6 |  6.6
Shields        | 1 2 3 |  3.3
Stealth        | 1 |  1.4

Action                   |  1- 3 |  4- 6 |  7- 9 | 10-12 || total
-------------------------+-------+-------+-------+-------++-------
Melee: Hand axe          |    60 |    50 |       |       ||   110
       War axe           |       |    97 |   166 |    30 ||   293
       Tailslap          |       |       |    10 |     5 ||    15
       Punch             |       |       |     2 |       ||     2
Invok: Berserk           |     1 |     1 |     3 |     1 ||     6
       Trog's Hand       |       |       |       |     2 ||     2
  Use: Scroll            |     1 |     4 |     2 |     4 ||    11
       Potion            |       |       |     2 |     2 ||     4
 Stab: Paralysed         |       |     1 |       |       ||     1
Armor: Animal skin       |     2 |       |       |       ||     2
       Leather armour    |     6 |       |       |       ||     6
       Ring mail         |     4 |       |       |       ||     4
       Chain mail        |       |    66 |   106 |    21 ||   193
Dodge: Dodged            |    31 |    51 |    81 |    14 ||   177
Block: Other             |     6 |    26 |    56 |     9 ||    97
       Reflection        |       |     1 |     1 |       ||     2
